 Dungeon Crawl Stone Soup version 0.19.0-19-g8c6edcc (webtiles) character file.

141 magipi the Poker (level 5, -1/45 HPs)
             Began as a Centaur Abyssal Knight on Nov 14, 2016.
             Was a Believer of Lugonu.
             Slain by an ogre
             ... wielding a cursed -1 giant club
              (7 damage)
             ... on level 4 of the Dungeon.
             The game lasted 00:08:50 (2787 turns).

magipi the Poker (Centaur Abyssal Knight)           Turns: 2787, Time: 00:08:51

Health: -1/45      AC:  7    Str: 15    XL:     5   Next: 3%
Magic:  6/6        EV:  4    Int: 11    God:    Lugonu [**....]
Gold:   218        SH:  0    Dex:  9    Spells: 0 memorised, 4 levels left

rFire  . . .     SeeInvis .     b - +0 trident
rCold  . . .     Gourm    .     m - +0 chain mail
rNeg   . . .     Faith    .     (no shield)
rPois  .         Spirit   .     (no helmet)
rElec  .         Reflect  .     (no cloak)
rCorr  .         Harm     .     (no gloves)
MR     .....                    (no barding)
Stlth  ..........               (no amulet)
                                (no ring)
                                (no ring)

@: drained, very quick
A: hooves 3, deformed body, speed 2, tough skin 3
a: Depart the Abyss, Bend Space, Renounce Religion


You were on level 4 of the Dungeon.
You worshipped Lugonu.
Lugonu was pleased with you.
You were not hungry.

You visited 1 branch of the dungeon, and saw 4 of its levels.
You visited the Abyss 1 time.

You collected 218 gold pieces.

Notes
Turn   | Place    | Note
-------+----------+-------------------------------------------
     0 | Abyss:1  | magipi the Centaur Abyssal Knight began the quest for the Orb.
     0 | Abyss:1  | Reached XP level 1. HP: 19/19 MP: 2/2
     8 | D:1      | Escaped the Abyss
    61 | D:1      | Reached skill level 2 in Polearms
   311 | D:1      | Reached XP level 2. HP: 21/26 MP: 3/3
   822 | D:2      | Reached ** piety under Lugonu
   822 | D:2      | Reached skill level 3 in Polearms
   927 | D:2      | Reached XP level 3. HP: 26/31 MP: 4/4
  1539 | D:3      | Noticed Natasha
  1555 | D:3      | HP: 1/31 [Natasha (3)]
  1564 | D:3      | Killed Natasha
  1872 | D:3      | Reached XP level 4. HP: 38/38 MP: 5/5
  2004 | D:3      | Reached skill level 4 in Polearms
  2030 | D:3      | Noticed Natasha
  2052 | D:3      | Killed Natasha
  2210 | D:3      | Noticed Grinder
  2722 | D:4      | Noticed an ogre
  2739 | D:4      | Reached XP level 5. HP: 30/45 MP: 6/6
  2787 | D:4      | Slain by an ogre

Inventory:

Hand Weapons
 a - a +1 spear
 b - a +0 trident (weapon)
Missiles
 h - 2 throwing nets (quivered)
Armour
 m - a +0 chain mail (worn)
Scrolls
 e - 2 scrolls of enchant armour {unknown}
 f - a scroll of immolation {unknown}
 j - a scroll of noise {unknown}
 k - 5 scrolls of identify {unknown}
 n - a scroll of amnesia {unknown}
 p - a scroll of remove curse {unknown}
 q - a scroll of magic mapping {unknown}
 r - 2 scrolls of recharging {unknown}
 t - a scroll of enchant weapon {unknown}
 u - a scroll of teleportation {unknown}
Potions
 i - a potion of curing
 l - 3 potions of resistance {unknown}
Comestibles
 c - 4 bread rations
 d - a meat ration
 g - 2 slices of pizza
 o - a beef jerky
 s - a fruit


   Skills:
 - Level 3.0(2.9) Fighting
 + Level 4.7(4.6) Polearms
 - Level 1.3 Armour
 - Level 0.6(0.5) Dodging
 - Level 2.0(1.9) Invocations


You had 4 spell levels left.
You didn't know any spells.

Dungeon Overview and Level Annotations

Branches:
Dungeon (4/15)
 Temple: D:4-7

Altars:

Annotations:
D:3 Grinder


Innate Abilities, Weirdness & Mutations

You have hooves in place of feet.
Armour fits poorly on your strangely shaped body.
You cover ground very quickly.
You have extremely tough skin. (AC +3)

Vault maps used:
D:1:      mainiacjoe_arrival_reflecting_pool, moated_statue
D:2:      roderic_serpentine_path, minivault_26, minmay_pentomino_v2
D:3:      first_bread, uniq_grinder, uniq_natasha
D:4:      serial_shops, nicolae_shop_behind_doors, grunt_decor_one_mirror,
          minmay_small_thing
Abyss:1:  hangedman_steaming_rock, evilmike_abyss_exit_kraken


Message History

Grinder shouts!
Grinder blinks!
There is a stone staircase leading down here.
You climb downwards.
There is a stone staircase leading up here.
A worker ant and an ogre come into view.
Found a stone staircase leading up.
Unknown command.
The worker ant waves its antennae.
You hit the worker ant but do no damage.
The worker ant barely misses you. The worker ant bites you.
You are poisoned.
The worker ant poisons you!
You puncture the worker ant!
You kick the worker ant, but do no damage.
The worker ant is heavily wounded.
You feel sick. The worker ant bites you.
You are more poisoned.
The worker ant poisons you!
Your chain mail prevents you from hitting the worker ant.
The worker ant is heavily wounded.
You feel sick. The worker ant bites you.
Your chain mail prevents you from hitting the worker ant.
The worker ant is heavily wounded.
You feel sick. The worker ant barely misses you.
The worker ant bites you but does no damage.
Unknown command.
You hit the worker ant.
You kick the worker ant, but do no damage.
The worker ant is severely wounded.
You feel sick.
The worker ant bites you but does no damage.
You hit the worker ant.
You kill the worker ant!
Lugonu accepts your kill.
You have reached level 5!
You feel sick.
You feel sick.
You feel sick.
Found 8 gold pieces.
You feel sick.
You are too injured to fight recklessly!
Unknown command.
You feel sick.
Attack whom?
Press: ? - help, Dir - move target cursor, f - ogre
Aim: an ogre, wielding a giant club You reach to attack!
You hit the ogre but do no damage.
You feel sick.
You feel sick.
Attack whom?
Press: ? - help, Dir - move target cursor, f/p - ogre
Aim: an ogre, wielding a giant club You reach to attack!
You hit the ogre.
The ogre is lightly wounded.
Unknown command.
You feel sick.
Attack whom?
Press: ? - help, Dir - move target cursor, f/p - ogre
Aim: an ogre, wielding a giant club You reach to attack!
You completely miss the ogre.
Unknown command.
You feel sick.
Attack whom?
Press: ? - help, Dir - move target cursor, f/p - ogre
Aim: an ogre, wielding a giant club You reach to attack!
You hit the ogre.
The ogre is moderately wounded.
The ogre hits you with a giant club!
Unknown command.
You feel sick.
Attack whom?
Press: ? - help, Dir - move target cursor, f - you, p - ogre That would be overly suicidal.
Okay, then.
Unknown command.
Attack whom?
Press: ? - help, Dir - move target cursor, f - ogre
Aim: an ogre, wielding a giant club (moderately wounded)
You reach to attack!
You hit the ogre but do no damage.
The ogre is moderately wounded.
The ogre hits you with a giant club!
* * * LOW HITPOINT WARNING * * *
You feel sick.
You feel sick.
You feel sick.
You are no longer poisoned.
Attack whom?
Press: ? - help, Dir - move target cursor, f/p - ogre
Aim: an ogre, wielding a giant club (lightly wounded)
You reach to attack!
Your chain mail prevents you from hitting the ogre.
The ogre is lightly wounded.
Unknown command.
Attack whom?
Press: ? - help, Dir - move target cursor, f/p - ogre
Aim: an ogre, wielding a giant club (lightly wounded)
You reach to attack!
You puncture the ogre!
The ogre is heavily wounded.
The ogre hits you with a giant club!
You die...

..... ..... ..<
##.#######
#......... #...#
#.#.# #######.#O#
........#@########+#
........#..#........
.$......##.#........
........##..........
........###.######..
..........#.##
.......##.#..#####..
....... #.O.........
#####+######.#####.


You could see an ogre.

Vanquished Creatures
  Natasha (twice) (D:3)
  A worker ant (D:4)
  2 adders
  A dart slug (D:1)
  A leopard gecko (D:1)
  5 orcs
  A ball python (D:3)
  3 giant cockroaches
  2 hobgoblins (D:2)
  5 bats
  4 frilled lizards
  6 goblins
  6 kobolds
  6 rats
45 creatures vanquished.

Action                   |  1- 3 |  4- 6 || total
-------------------------+-------+-------++-------
Melee: Spear             |   116 |    74 ||   190
       Kick              |    14 |    16 ||    30
       Trident           |       |    13 ||    13
  Use: Potion            |     3 |       ||     3
  Eat: Chunk             |     2 |     2 ||     4
Armor: Leather armour    |     6 |       ||     6
       Ring mail         |    11 |       ||    11
       Chain mail        |     6 |    31 ||    37
Dodge: Dodged            |    35 |    15 ||    50

Action                   |  1- 3 |  4- 6 || total
-------------------------+-------+-------++-------
Melee: Spear             |   116 |    74 ||   190
       Kick              |    14 |    16 ||    30
       Trident           |       |    13 ||    13
  Use: Potion            |     3 |       ||     3
  Eat: Chunk             |     2 |     2 ||     4
Armor: Leather armour    |     6 |       ||     6
       Ring mail         |    11 |       ||    11
       Chain mail        |     6 |    31 ||    37
Dodge: Dodged            |    35 |    15 ||    50
